Cogmind - Beta 14 @@@ ROGUE MODE // 2024.09.25 @ 16:31:35 // Winter2019/RPGLIKE Player: Necroptosis Result: Destroyed by X-57 Shotgunner with High-powered Shotgun Performance ------------- Evolutions (2) 1000 Regions Visited (3) 600 Robots Destroyed (7) 35 Value Destroyed (229) 229 Prototype IDs (0) 0 Alien Tech Used (0) 0 Bonus (0) 0 TOTAL SCORE: 1864 Bonus ------- None Cogmind --------- Core Integrity 0/600 Matter 300/300 Energy 265/265 System Corruption 0% Temperature Cool (0) Movement Treading (160) Location -8/Materials Parts ------- > --- POWER (1) -------- Improved Ion Engine > --- PROPULSION (1) --- Light Treads > --- UTILITY (2) ------ Improved Sensor Array Targeting Computer > --- WEAPON (1) ------- (None) > --- INVENTORY (0) ---- (None) Peak State ------------ > --- POWER ------------ Improved Ion Engine > --- PROPULSION ------- Light Treads > --- UTILITY ---------- Improved Sensor Array Targeting Computer > --- WEAPON ----------- EM Pulse Gun > --- INVENTORY -------- (None) [Rating: 8] Favorites ----------- Power Improved Ion Engine Engine Improved Ion Engine Propulsion Light Treads Treads Light Treads Utility Targeting Computer Device Improved Sensor Array Processor Targeting Computer Weapon EM Pulse Gun Energy Gun EM Pulse Gun Build | -11 -10 -9 -8 ------- Run | Yrd Mat Mat Mat Slots Evolved 1 | . . . 1 Power . | . . . . Propulsion . | . . . . Utility 1 | . . . 1 Weapon . | . . . . Parts Attached 7 | 1 1 . 5 Power 3 | . . . 3 Engine 3 | . . . 3 Core . | . . . . Reactor . | . . . . Propulsion 1 | . . . 1 Treads 1 | . . . 1 Leg . | . . . . Wheel . | . . . . Hover . | . . . . Flight . | . . . . Utility 2 | . 1 . 1 Device 1 | . . . 1 Storage . | . . . . Processor 1 | . 1 . . Hackware . | . . . . Protection . | . . . . Artifact . | . . . . Weapon 1 | 1 . . . Energy Gun 1 | 1 . . . Energy Cannon . | . . . . Ballistic Gun . | . . . . Ballistic Cannon . | . . . . Launcher . | . . . . Special Weapon . | . . . . Impact Weapon . | . . . . Slashing Weapon . | . . . . Piercing Weapon . | . . . . Special Melee Weapon . | . . . . Unidentified Prototypes . | . . . . Parts Lost 1 | . . . 1 Power . | . . . . Propulsion . | . . . . Utility . | . . . . Weapon 1 | . . . 1 Highest Loss Streak 1 | . . . 1 To Critical Strikes . | . . . . Average Slot Usage (%) 86 | . 37 50 95 Engine 16 | . . . 19 Treads 16 | . . . 20 Device 11 | . . . 13 Processor 21 | . 12 25 21 Energy Gun 21 | . 25 25 20 Peak Build Rating 8 | 1 2 2 8 Average Rating 5 | . 1 2 6 On Entrance 1 | . 1 2 2 Naked Turns . | . . . . Heaviest Build 10 | 2 2 2 10 Greatest Support 20 | 3 3 3 20 Greatest Overweight (x) . | . . . . Average Overweight (x) . | . . . . Largest Inventory Capacity . | . . . . Average Capacity . | . . . . Most Carried . | . . . . Average Carried . | . . . . Final Capacity . | . . . . Final Carried . | . . . . Class Distribution -------------------- 100% | Mutant Dominant Class ---------------- Mutant | -10/Materials Mutant | -9/Materials Mutant | -8/Materials Resources | -11 -10 -9 -8 ----------- Run | Yrd Mat Mat Mat Matter Collected 270 | 112 . 28 130 Remotely . | . . . . Salvage Created 276 | 56 . 28 192 Parts 21 | 2 1 3 15 Haulers Intercepted . | . . . . Recyclers Shooed . | . . . . Parts Field Recycled . | . . . . Retrieved Matter . | . . . . Parts Self-Destructed . | . . . . Prevented . | . . . . Kills | -11 -10 -9 -8 ------- Run | Yrd Mat Mat Mat Combat Hostiles Destroyed 5 | 1 1 . 3 Guns 5 | 1 1 . 3 Classes Destroyed 4 | 1 . 1 2 Worker 1 | . . . 1 Builder 1 | . . 1 . Grunt 2 | 1 1 . . Sentry 3 | . . . 3 Best Kill Streak 2 | 1 1 1 2 Combat Bots Only 1 | 1 1 . 1 Max Kills in Single Turn 1 | 1 1 1 1 Gunslinging . | . . . . Exploded . | . . . . Melee . | . . . . Uniques/NPCs Destroyed . | . . . . Combat | -11 -10 -9 -8 -------- Run | Yrd Mat Mat Mat Hostile Shots Fired 112 | 3 3 . 106 Missed 48 | 1 1 . 46 Damage Taken 858 | 23 21 . 814 Core 706 | 23 19 . 664 Absorbed by Shields . | . . . . Redirected to Core 518 | . 8 . 510 Core Remaining (%) 94 | 96 93 93 . Volleys Fired 46 | 1 5 5 35 Largest 1 | 1 1 1 1 Hottest 40 | 40 40 40 40 Shots Fired 46 | 1 5 5 35 Gun 46 | 1 5 5 35 Cannon . | . . . . Launcher . | . . . . Special . | . . . . Kinetic . | . . . . Thermal . | . . . . Explosive . | . . . . Electromagnetic 46 | 1 5 5 35 Robot Hit Streak 9 | 1 4 1 9 Robot Miss Streak 3 | . . 3 2 Penetration Max . | . . . . Secondary Targets . | . . . . Shots Hit Robots 27 | 1 3 1 22 Core Hits 12 | 1 2 1 8 Critical Kills . | . . . . Critical Parts Destroyed . | . . . . Critical Strikes . | . . . . Melee Attacks . | . . . . Impact . | . . . . Slashing . | . . . . Piercing . | . . . . Sneak Attacks . | . . . . Combat Hostiles . | . . . . Follow-up Attacks . | . . . . Damage Inflicted 308 | 15 41 15 237 Guns 308 | 15 41 15 237 Cannons . | . . . . Explosions . | . . . . Melee . | . . . . Ramming . | . . . . Kinetic . | . . . . Thermal . | . . . . Explosive . | . . . . Electromagnetic 308 | 15 41 15 237 Impact . | . . . . Slashing . | . . . . Piercing . | . . . . Highest Corruption . | . . . . Average Corruption . | . . . . Corruption Purged . | . . . . Corruption Blocked . | . . . . Overload Shots . | . . . . Overflow Damage . | . . . . Projectiles . | . . . . Explosions . | . . . . Melee . | . . . . Knockbacks . | . . . . Impact . | . . . . Kinetic . | . . . . Secondary . | . . . . Self-Inflicted Damage 67 | . . . 67 Shots 1 | . . . 1 Rammed . | . . . . Targets Rammed . | . . . . Kicked . | . . . . Crushed . | . . . . Highest Temperature 33 | . 1 15 33 Average Temperature 7 | . 1 12 7 Received Heat Transfer 69 | 12 12 . 45 Siege Activations . | . . . . Robots Corrupted . | . . . . Combat Hostiles . | . . . . Parts Fried 1 | . 1 . . Impact Corruptions . | . . . . Robots Melted . | . . . . Combat Hostiles . | . . . . Parts Melted . | . . . . Heat Transferred . | . . . . Parts Sabotaged . | . . . . Parts Stolen . | . . . . Parts Stripped . | . . . . Power Chain Reactions . | . . . . Alert | -11 -10 -9 -8 ------- Run | Yrd Mat Mat Mat Peak Influence 149 | 20 48 40 149 Initial 20 | . 13 20 16 Average 83 | 2 22 23 102 Maximum Alert Level . | . . . . Low Security (%) 100 | 100 100 100 100 Level 1 . | . . . . Level 2 . | . . . . Level 3 . | . . . . Level 4 . | . . . . Level 5 . | . . . . High Security . | . . . . Max Security . | . . . . Squads Dispatched 2 | . . . 2 Investigation 1 | . . . 1 Extermination . | . . . . Reinforcement 1 | . . . 1 Assault . | . . . . Garrison . | . . . . Intercept . | . . . . Searches Triggered . | . . . . Construction Impeded . | . . . . Haulers Reinforced . | . . . . Active Scanning Responses . | . . . . Cargo Convoy Interrupts . | . . . . Stealth | -11 -10 -9 -8 --------- Run | Yrd Mat Mat Mat Distress Signals 1 | . . 1 . Communications Jammed . | . . . . Distress Signals . | . . . . Times Spotted 11 | 1 1 1 8 Peak Tracking Total 5 | 1 1 2 5 Tactical Retreats 2 | . . . 2 Traps | -11 -10 -9 -8 ------- Run | Yrd Mat Mat Mat Traps Triggered . | . . . . Indirectly . | . . . . Trap Hack Attempts . | . . . . Triggered . | . . . . Disarmed . | . . . . Reprogrammed . | . . . . Reused . | . . . . Traps Extracted . | . . . . Installed . | . . . . Triggered . | . . . . Machines | -11 -10 -9 -8 ---------- Run | Yrd Mat Mat Mat Machines Disabled 2 | . 1 . 1 Max in Single Turn 1 | . 1 . 1 Machines Repaired . | . . . . Machines Dismantled . | . . . . Machines Sabotaged . | . . . . Overloaded Fab Kills . | . . . . Hacking | -11 -10 -9 -8 --------- Run | Yrd Mat Mat Mat Machines Accessed 1 | . . . 1 Terminals 1 | . . . 1 Fabricators . | . . . . Repair Stations . | . . . . Recycling Units . | . . . . Scanalyzers . | . . . . Garrison Access . | . . . . Total Hacks 3 | . . . 3 Successful 2 | . . . 2 Failed 1 | . . . 1 Catastrophic . | . . . . Database Lockouts . | . . . . Manual . | . . . . Terminals 3 | . . . 3 Fabricators . | . . . . Repair Stations . | . . . . Recycling Units . | . . . . Scanalyzers . | . . . . Garrison Access . | . . . . Terminal Hacks 2 | . . . 2 Record 1 | . . . 1 Security Status 1 | . . . 1 Fabricator Hacks . | . . . . Repair Station Hacks . | . . . . Recycling Unit Hacks . | . . . . Scanalyzer . | . . . . Garrison Access Hacks . | . . . . Unauthorized Hacks . | . . . . Terminals . | . . . . Fabricators . | . . . . Repair Stations . | . . . . Recycling Units . | . . . . Scanalyzers . | . . . . Garrison Access . | . . . . Data Cores Recovered . | . . . . Used . | . . . . Hacking Detections 1 | . . . 1 Full Trace Events . | . . . . Feedback Events . | . . . . Feedback Blocked . | . . . . Robot Schematics Acquired . | . . . . Robots Built . | . . . . Authchips . | . . . . Time . | . . . . Total Robot Build Rating . | . . . . Part Schematics Acquired . | . . . . Parts Built . | . . . . Authchips . | . . . . Time . | . . . . Total Part Build Rating . | . . . . Parts Repaired . | . . . . Time . | . . . . Parts Recycled . | . . . . Recycled Matter . | . . . . Retrieved Matter . | . . . . Retrieved Components . | . . . . Parts Scanalyzed . | . . . . Part Schematics Acquired . | . . . . Parts Damaged . | . . . . Bothacking | -11 -10 -9 -8 ------------ Run | Yrd Mat Mat Mat Used RIF Installer . | . . . . Robots Hacked . | . . . . Non-combat . | . . . . Combat . | . . . . Robot Hacks Applied . | . . . . Relay Couplers Released . | . . . . Fabnet Peak Effective % . | . . . . Robots Rewired . | . . . . Allies Hacked . | . . . . Hacks Repelled . | . . . . Allies | -11 -10 -9 -8 -------- Run | Yrd Mat Mat Mat Total Allies . | . . . . Largest Group . | . . . . Highest-Rated Group . | . . . . Highest-Rated Ally . | . . . . Total Orders . | . . . . Ally Attacks . | . . . . Total Damage . | . . . . Kills . | . . . . Allies Corrupted . | . . . . Allies Melted . | . . . . Intel | -11 -10 -9 -8 ------- Run | Yrd Mat Mat Mat Robot Analysis Total . | . . . . Derelict Logs Recovered . | . . . . Drone Launches . | . . . . Drone Recoveries . | . . . . Exploration | -11 -10 -9 -8 ------------- Run | Yrd Mat Mat Mat Turns Passed 710 | 47 52 60 551 Spaces Moved 587 | 87 80 100 320 Core 307 | 87 80 100 40 Treads 280 | . . . 280 Legs . | . . . . Wheels . | . . . . Hover . | . . . . Flight . | . . . . Fastest Speed 50 | 50 50 50 50 Average Speed 102 | 50 50 50 146 Slowest Speed 160 | 50 50 50 160 Overloaded Moves . | . . . . Propulsion Burnouts . | . . . . Robots Hopped . | . . . . Cave-ins Triggered . | . . . . Exploration Rate (%) 13 | 7 21 11 13 Regions Visited 3 Branch Regions . Pre-discovered Areas . | . . . . Known Exits Taken . | . . . . Unknown Exits Taken 3 | 1 1 1 . Scrap Searched . | . . . . Spaces Dug . | . . . . Terrain Destroyed 24 | . . . 24 Melee . | . . . . Projectile . | . . . . AOE 24 | . . . 24 Terrain Rammed . | . . . . Walls Destroyed . | . . . . Machines Disabled . | . . . . Actions | -11 -10 -9 -8 --------- Run | Yrd Mat Mat Mat Total 645 | 88 85 104 368 Wait 1 | . . . 1 Move 584 | 86 79 99 320 Hop . | . . . . Pick Up . | . . . . Fast Attach 5 | 1 1 . 3 Attach . | . . . . Detach . | . . . . Swap 2 | . . . 2 Drop 2 | . . . 2 Fire 46 | 1 5 5 35 Melee . | . . . . Ram . | . . . . Kick . | . . . . Crush . | . . . . Escape Stasis . | . . . . Rewire . | . . . . Trap . | . . . . Miscellaneous 5 | . . . 5 Route ------- -11/Scrapyard -10/Materials -9/Materials -8/Materials History --------- Turn | Location | Event 2 | -11/Scrapyard | Met Revision 17 25 | -11/Scrapyard | Discovered new exit (range 8) 48 | -11/Scrapyard | Entered Materials 92 | -10/Materials | Discovered new exit (range 16) 100 | -10/Materials | Entered another Materials area 102 | -9/Materials | Reached level 2 158 | -9/Materials | Discovered new exit (range 6) 160 | -9/Materials | Entered another Materials area 162 | -8/Materials | Reached level 3 309 | -8/Materials | Build established: Mutant 335 | -8/Materials | Upgraded with Utility slot (x1) 679 | -8/Materials | Core integrity fell below 50% 691 | -8/Materials | Core integrity fell below 20% 711 | -8/Materials | Destroyed by X-57 Shotgunner with High-powered Shotgun Last Messages --------------- dispatching Specialist reinforcements to area. 00597_ K-01 Serf collects debris. 00608_ K-01 Serf destroyed. 00610_ Acquired 24 matter. 00619_ Electrolysis Chamber disabled. 00622_ Y-45 Defender destroyed. 00625_ Acquired 15 matter. 00628_ Dropped Imp. Ion Engine. 00629_ Acquired 10 matter. 00646_ R-06 Scavenger collects Heat Sink. 00650_ R-06 Scavenger collects Corrupted Hvy. Assault Rifle. 00654_ R-06 Scavenger collects Imp. Ion Engine. 00657_ R-06 Scavenger collects Corrupted Wheel. 00657_ R-06 Scavenger collects Corrupted Lgt. Treads. 00675_ S-10 Pest IFF system glitched. 00686_ EM Pulse Gun destroyed. 00693_ X-57 Shotgunner misfires. 00698_ S-10 Pest destroyed. Map ----- +----------------------------------------------------+ | ????????????????????????????# ## """ #????????? | | ???????????????????????????## ## """ #????????? | | ???????????????###########?# # """ #????????? | | ???????????????# #?# # "" #????????? | | ???????????????# #?# + """ #????????? | | ???????????????# #?# # "" #????????? | | ???????????????# """ """ #?# # "" #????????? | | ???????????????# """ """ #?## ## " [#????????? | | ???????????????# """ "" #??# ##= #????????? | | ???????????????# = #??# ## !#????????? | | ???????????????# %=* #??# #########????????? | | ???????????????#####+#####??# #????????????????? | | ??????????????????# % #######? #????????????????? | | ??????????????????# / # #????????????????? | | ??????????????????# ## #? ########?????????? | | ??????????????????# ## # # ] #?????????? | | ??????????????????#? ## ? # # "#?????????? | | ??????????????????# ## " + """ T#?????????? | | ?????????????????## ## #?% # """ "#?????????? | | ?????????######### !# # = + """ #?????????? | | ?? ? # # # #?????????? | | ?? #######+#########?????????? | | ?? # x #???????????? | | ??? ############## # """ """ """ #???????????? | | ?????????????????####### "Y" "" """ #???????????? | | ??????????????????????## @ """ """ #???????????? | | ??????????????????????# % "" """ #???????????? | | ??????????????????????## x #???????????? | | ???????????????????????###############???????????? | | ?????????????????????????????????????????????????? | | ?????????????????????????????????????????????????? | | ?????????????????????????????????????????????????? | | ?????????????????????????????????????????????????? | | ?????????????????????????????????????????????????? | | ?????????????????????????????????????????????????? | | ?????????????????????????????????????????????????? | | ?????????????????????????????????????????????????? | | ?????????????????????????????????????????????????? | | ?????????????????????????????????????????????????? | | ?????????????????????????????????????????????????? | | ?????????????????????????????????????????????????? | | ?????????????????????????????????????????????????? | | ?????????????????????????????????????????????????? | | ?????????????????????????????????????????????????? | | ?????????????????????????????????????????????????? | | ?????????????????????????????????????????????????? | | ?????????????????????????????????????????????????? | | ?????????????????????????????????????????????????? | | ?????????????????????????????????????????????????? | | ?????????????????????????????????????????????????? | +----------------------------------------------------+ Best States ------------- Heat Dissipation 25 Energy Generation 12 Energy Capacity 265 Matter Stores 300 Matter Capacity 300 Sight Range 16 Robot Scan Range 15 Terrain Scan Density 10 Evasion (%) 50 Targeting Accuracy 5 Recoil Reduction 1 Item Schematics ----------------- None Robot Schematics ------------------ None Fabricated ------------ Nothing Alien Tech Used ----------------- None Achievements -------------- None Challenges ------------ None RPGLIKE | -11 -10 -9 -8 --------- Run | Yrd Mat Mat Mat Levels Raised 2 | . . 1 1 XP Earned 6835 | 3100 175 1500 2060 XP Spent 500 | . . . 500 Upgrades 1 | . . . 1 Utility Slot 1 | . . . 1 Protomatter Created 91 | . 47 . 44 Integrity Restored 100 | . . . 100 Core 100 | . . . 100 Protomatter Decayed 10 | . . . 10 Game ------ Seed DirtyThunderStorage Manual? 0 Play Time 00:08:40 Cumulative 43.8 hours Start 2024.09.25 @ 16:23:55 End 2024.09.25 @ 16:31:35 Sessions 1 Manual Loads 0 Difficulty Rogue Special Mode Winter2019/RPGLIKE Game No. 57 Rogue 57 Adventurer 0 Explorer 0 Win Type - Total 1 Types 1/0/0/0/0/0/0/0/0 Lore% 34 Gallery% 47 Achievement% 51 Wizard Run 0 Options --------- Layout 1 ASCII 0 Keyboard 0 Movement Mouse Keybinds 0 Fullscreen 1 Font 20/SmallcapsGlow Map View 54x42 Zoom Use 0% Tactical HUD 1 Map Filters NONE Filters NONE Steam 1 RUN: 7fc9d7e8-9d26-4a52-bdea-156572bf1fac